 Dungeon Crawl Stone Soup version 0.29.1-13-g9f3cf754e1 (webtiles) character file.

Game seed: 9798301498363946870

209 booth the Charlatan (level 5, -3/36 (38) HPs)
             Began as a Gnoll Wanderer on Feb 1, 2023.
             Slain by a wight
             ... wielding a +2 battleaxe
              (13 damage)
             ... on level 4 of the Dungeon.
             The game lasted 00:29:50 (4995 turns).

booth the Charlatan (Gnoll Wanderer)                Turns: 4995, Time: 00:29:51

HP:   -3/36 (38)    AC:  4    Str: 12    XL:     5   Next: 87%
MP:   7/9           EV: 12    Int: 16    God:
Gold: 103           SH:  0    Dex:  8    Spells: 6/10 levels left

rFire   . . .      SeeInvis .   s - +0 flail (drain)
rCold   . . .      Faith    .   (no shield)
rNeg    . . .      Spirit   .   e - +0 robe
rPois   .          Reflect  .   t - +0 helmet
rElec   .          Harm     .   k - +0 cloak
rCorr   .          Rampage  .   (no gloves)
Will    .....                   (no boots)
Stlth   +.........              h - amulet of magic regeneration
HPRegen 0.12/turn               j - ring of wizardry
MPRegen 0.51/turn               (no ring)

@: drained
A: fangs 1, strong nose, distributed training
a: no special abilities


You were on level 4 of the Dungeon.
You visited 1 branch of the dungeon, and saw 4 of its levels.

You collected 203 gold pieces.
You spent 100 gold pieces at shops.

Inventory:

Hand Weapons
 a - a +1 dagger
 f - a +0 short sword
 n - a +0 quarterstaff
 p - a +0 hand axe
 s - a +0 flail of draining (weapon)
Missiles
 b - 11 poisoned darts (quivered)
Armour
 e - a +0 robe (worn)
 k - a +0 cloak (worn)
 q - a +0 leather armour
 t - a +0 helmet (worn)
Jewellery
 h - an amulet of magic regeneration (around neck)
 j - a ring of wizardry (left hand)
Wands
 c - a wand of paralysis (11)
Scrolls
 d - a scroll of vulnerability
 g - a scroll of torment
 o - 2 scrolls of noise {unknown}
 r - a scroll of brand weapon
Potions
 i - a potion of attraction
 l - a potion of heal wounds
 m - a potion of mutation {unknown}
 u - a potion of brilliance {unknown}


   Skills:
 + Level 1.7 Fighting
 + Level 1.7 Short Blades
 + Level 1.7 Long Blades
 + Level 1.7 Axes
 + Level 1.7 Maces & Flails
 + Level 1.7 Polearms
 + Level 1.7 Staves
 + Level 1.7 Ranged Weapons
 + Level 4.9 Throwing
 + Level 1.7 Armour
 + Level 3.1 Dodging
 + Level 1.7 Stealth
 + Level 1.7 Shields
 + Level 1.7 Unarmed Combat
 + Level 3.3 Spellcasting
 + Level 1.3 Conjurations
 + Level 1.3 Hexes
 + Level 1.3 Summonings
 + Level 1.3 Necromancy
 + Level 1.3 Translocations
 + Level 1.3 Transmutations
 + Level 1.3 Fire Magic
 + Level 1.3 Ice Magic
 + Level 2.5 Air Magic
 + Level 1.3 Earth Magic
 + Level 1.3 Poison Magic
 + Level 5.0 Invocations
 + Level 6.7 Evocations


You had 6 spell levels left.
You knew the following spells:

 Your Spells              Type           Power      Damage    Failure   Level
a - Poisonous Vapours     Pois/Air       16%        N/A       4%          2
b - Static Discharge      Conj/Air       8%         3-4/arc   4%          2

Your spell library contained the following spells:

 Spells                   Type           Power      Damage    Failure   Level


Dungeon Overview and Level Annotations

Branches:
Dungeon (4/15)
 Temple: D:4-7

Altars:
Trog

Shops:
D:2 !**=[


Innate Abilities, Weirdness & Mutations

You have very sharp teeth.
Your uncanny sense of smell can sniff out nearby items.
Your experience applies equally to all skills.


Message History

The wight hits you with a +4 spear.
Casting: Poisonous Vapours (safe; 5% risk of failure)
Confirm with . or Enter, or press ? or * to list all spells.
The wight is struck by an arc of lightning.
The wight is moderately damaged.
The wight is struck by an arc of lightning.
The wight is moderately damaged.
The lightning grounds out.
The wight barely misses you.
You completely miss the wight.
The wight is moderately damaged.
The wight closely misses you.
Casting: Static Discharge (safe; 5% risk of failure)
Confirm with . or Enter, or press ? or * to list all spells.
The wight is struck by an arc of lightning.
The wight is severely damaged.
You are struck by an arc of lightning.
The wight is struck by an arc of lightning.
You destroy the wight!
The lightning grounds out.
Your life force feels restored.
Your Invocations skill increases to level 5!
You closely miss the wight. Your bite misses the wight.
The wight is moderately damaged.
The wight hits you with a +2 battleaxe.
You feel drained.
You hit the wight but do no damage.
The wight is moderately damaged.
The wight hits you with a +2 battleaxe.
You feel drained.
Casting: Static Discharge (safe; 4% risk of failure)
Confirm with . or Enter, or press ? or * to list all spells.
The wight is struck by an arc of lightning.
The wight is heavily damaged.
You are struck by an arc of lightning.
* * * LOW HITPOINT WARNING * * *
The wight is struck by an arc of lightning.
The wight is almost destroyed.
The lightning grounds out.
The wight barely misses you.
You barely miss the wight.
The wight is almost destroyed.
The wight hits you with a +2 battleaxe!
You die...

#.$.....##+#
#....zz.##.#
#.......##.#
.z.#........#
# #####....#
#....# ##'#z#
∆ #.#z# #.#@#
#.#.# #.#.#
#.#.# #.#.#
#.#.#∆
####.#.#
#....#.#
#.####.#


You could see 2 wights.

Vanquished Creatures
  A wight (D:4)
  An orc wizard (D:3)
  4 adders
  4 gnolls (D:3)
  2 worms
  A dart slug (D:2)
  3 orcs
  A bat (D:1)
  3 endoplasms
  2 giant cockroaches (D:2)
  6 goblins
  2 hobgoblins
  7 jackals
  3 quokkas
  5 ball pythons
  2 frilled lizards
  3 kobolds
  2 rats
52 creatures vanquished.

Notes
Turn   | Place    | Note
-------+----------+-------------------------------------------
     0 | D:1      | booth the Gnoll Wanderer began the quest for the Orb.
     0 | D:1      | booth set off with the following items: a +0 dagger, 13
                  | poisoned darts, a wand of paralysis (11), a scroll of
                  | vulnerability, a +0 robe; and the following spells
                  | available to memorise: Poisonous Vapours, Static Discharge.
     0 | D:1      | Reached XP level 1. HP: 13/13 MP: 4/4
   714 | D:1      | Reached XP level 2. HP: 3/19 MP: 5/5
   717 | D:1      | Learned a level 2 spell: Poisonous Vapours
   720 | D:1      | Learned a level 2 spell: Static Discharge
  2011 | D:2      | Reached XP level 3. HP: 13/25 MP: 7/7
  2204 | D:2      | Found Geugock's Distillery.
  2209 | D:2      | Bought a potion of heal wounds for 50 gold pieces
  2209 | D:2      | Bought a potion of heal wounds for 50 gold pieces
  2224 | D:2      | Found Xickas's Assorted Antiques.
  2331 | D:2      | Reached skill level 1 in Fighting
  2331 | D:2      | Reached skill level 1 in Short Blades
  2331 | D:2      | Reached skill level 1 in Long Blades
  2331 | D:2      | Reached skill level 1 in Axes
  2331 | D:2      | Reached skill level 1 in Maces & Flails
  2331 | D:2      | Reached skill level 1 in Polearms
  2331 | D:2      | Reached skill level 1 in Staves
  2331 | D:2      | Reached skill level 1 in Ranged Weapons
  2331 | D:2      | Reached skill level 1 in Armour
  2331 | D:2      | Reached skill level 1 in Stealth
  2331 | D:2      | Reached skill level 1 in Shields
  2331 | D:2      | Reached skill level 1 in Unarmed Combat
  2620 | D:2      | Found Ifasir's Armour Shoppe.
  2634 | D:2      | Found Kome's Jewellery Shoppe.
  3116 | D:2      | Found Zitz's Assorted Antiques.
  3312 | D:2      | Reached XP level 4. HP: 32/32 MP: 4/8
  3393 | D:3      | Found a bloodstained altar of Trog.
  3757 | D:3      | Reached skill level 1 in Conjurations
  3757 | D:3      | Reached skill level 1 in Hexes
  3757 | D:3      | Reached skill level 1 in Summonings
  3757 | D:3      | Reached skill level 1 in Necromancy
  3757 | D:3      | Reached skill level 1 in Translocations
  3757 | D:3      | Reached skill level 1 in Transmutations
  3757 | D:3      | Reached skill level 1 in Fire Magic
  3757 | D:3      | Reached skill level 1 in Ice Magic
  3757 | D:3      | Reached skill level 1 in Earth Magic
  3757 | D:3      | Reached skill level 1 in Poison Magic
  3772 | D:3      | HP: 1/32 [gnoll/+0 halberd (13)]
  4045 | D:3      | Reached XP level 5. HP: 4/37 MP: 9/9
  4992 | D:4      | Reached skill level 5 in Invocations
  4995 | D:4      | Slain by a wight

Illustrated notes

Levels and vault maps discovered:
D:1:      minmay_arrival_nine_rooms, layout_basic, roderic_roman_lattice,
          dreamdust_princess_bridge, minmay_tetromino_t4
D:2:      layout_loops_corners, serial_shops, shop, nicolae_shop_stone, shop,
          nicolae_shop_statue_plus, shop
D:3:      layout_rooms, mainiacjoe_overflow_chevrons
D:4:      layout_basic, mainiacjoe_overflow_paths, hex_tiny,
          minmay_misc_feat_iff, minmay_puff

Skill      XL: |  1  2  3  4  5 |
---------------+----------------+-----
Air Magic      | 2 |  2.5
Fighting       | 1 |  1.7
Short Blades   | 1 |  1.7
Long Blades    | 1 |  1.7
Axes           | 1 |  1.7
Maces & Flails | 1 |  1.7
Polearms       | 1 |  1.7
Staves         | 1 |  1.7
Ranged Weapons | 1 |  1.7
Armour         | 1 |  1.7
Stealth        | 1 |  1.7
Shields        | 1 |  1.7
Unarmed Combat | 1 |  1.7
Spellcasting   | 3 |  3.3
Conjurations   | 1 |  1.3
Hexes          | 1 |  1.3
Summonings     | 1 |  1.3
Necromancy     | 1 |  1.3
Translocations | 1 |  1.3
Transmutations | 1 |  1.3
Fire Magic     | 1 |  1.3
Ice Magic      | 1 |  1.3
Earth Magic    | 1 |  1.3
Poison Magic   | 1 |  1.3
Dodging        | 3 |  3.1
Invocations    | 5 |  5.0
Throwing       | |  4.9
Evocations     | |  6.7

Action                   |  1- 3 |  4- 6 || total
-------------------------+-------+-------++-------
Melee: Dagger            |    86 |    56 ||   142
       Bite              |    10 |     5 ||    15
       Punch             |     1 |     1 ||     2
       Flail             |       |    15 ||    15
Throw: Dart              |    26 |     1 ||    27
 Cast: Poisonous Vapours |    29 |    32 ||    61
       Static Discharge  |     3 |     6 ||     9
  Use: Scroll            |     5 |     3 ||     8
       Potion            |       |     2 ||     2
Armor: Robe              |    24 |     7 ||    31
Dodge: Dodged            |    59 |    46 ||   105
